Map: Frozen Temple

Players

Scarlett

  • Race: Zerg Zerg

Neeb - Winner!

  • Race: Protoss Protoss

Event: 2016 WCS Summer Circuit Championship (DH Montreal)

VOD

Have the link to the VOD?

Description

Time

  • Played on: Aug. 13, 2016, 9:21 p.m.
  • Length: 9:05

All games in this series

Show
View Real Time Build Order
Export as new Build Order

Scarlett Zerg 

Build Orders: Hatch First 

Get SALT Encoding   

  12  0:00  Drone  
  13  0:13  Overlord  
  13  0:20  Drone  
  14  0:33  Drone  
  14  0:34  Drone  
  16  0:36  Drone  
  17  0:53  Drone  
  17  0:56  Hatchery  
  17  1:03  Drone  
  18  1:08  Extractor  
  17  1:14  Spawning Pool  
  17  1:18  Drone  
  17  1:21  Drone  
  18  1:31  Drone  
  19  1:52  Hatchery  
  18  1:55  Drone x2  
  22  2:09  Drone x2  
  22  2:10  Queen  
  24  2:18  Metabolic Boost  
  25  2:22  Drone  
  25  2:26  Queen  
  27  2:31  Overlord  
  27  2:36  Drone  
  28  2:50  Zergling x4  
  28  2:51  Zergling x2  
  31  2:52  Queen  
  31  2:53  Overlord  
  34  2:58  Drone x2  
  35  3:12  Spore Crawler  
  35  3:15  Drone x5  
  38  3:22  Overlord  
  38  3:23  Drone  
  40  3:30  Drone x5  
  40  3:33  Zergling x2  
  40  3:34  Zergling x2  
  46  3:37  Drone x2  
  46  3:39  Drone  
  49  3:44  Overlord  
  49  3:52  Overlord  
  49  3:53  Drone x2  
  51  4:01  Drone  
  51  4:02  Drone x4  
  56  4:08  Evolution Chamber  
  55  4:11  Drone x2  
  55  4:14  Hatchery  
  56  4:22  Drone  
  56  4:23  Drone x4  
  60  4:33  Drone x5  
  60  4:34  Zerg Melee Weapons Level 1  
  60  4:36  Lair, Overlord  
  65  4:38  Extractor  
  65  4:39  Drone x2  
  65  4:40  Extractor  
  65  4:44  Extractor, Roach Warren  
  63  4:46  Queen  
  63  4:47  Overlord  
  63  4:50  Overlord  
  65  4:53  Drone  
  65  4:56  Extractor  
  65  4:57  Drone x5  
  70  5:05  Hatchery  
  70  5:06  Drone  
  70  5:07  Drone  
  70  5:09  Drone x2  
  73  5:16  Drone  
  73  5:17  Drone x2  
  73  5:18  Drone  
  73  5:20  Drone x2  
  73  5:21  Drone  
  80  5:23  Queen  
  80  5:26  Zergling x8  
  85  5:31  Roach x3  
  85  5:33  Roach  
  93  5:38  Roach, Zergling x2  
  93  5:39  Overlord  
  96  5:44  Overlord x2  
  86  6:03  Roach, Zergling x2  
  86  6:04  Zergling x20  
  89  6:09  Roach, Zergling x2  
  89  6:10  Zergling x4  
  87  6:13  Spire  
  87  6:17  Queen x2  
  90  6:19  Queen  
  90  6:22  Ravager x2  
  90  6:24  Drone x3  
  97  6:25  Drone  
  97  6:26  Drone  
  97  6:27  Drone  
  97  6:29  Drone x2  
  102  6:35  Baneling Nest, Zerg Melee Weapons Level 2  
  101  6:41  Ravager x2  
  101  6:43  Roach x3  
  109  6:48  Overlord x2  
  109  6:51  Roach  
  109  6:53  Queen  
  113  7:02  Overseer  
  113  7:06  Ravager x3  
  113  7:07  Roach x2  
  120  7:08  Drone  
  120  7:09  Drone  
  120  7:10  Drone x6  
  120  7:12  Zergling x8  
  131  7:17  Ravager  
  131  7:18  Zergling x2  
  131  7:20  Overlord  
  131  7:21  Overlord x3  
  133  7:24  Centrifical Hooks  
  133  7:29  Overlord  
  133  7:31  Overlord  
  133  7:33  Ravager  
  134  7:40  Zergling x8  
  134  7:41  Zergling x16  
  134  7:43  Overlord  
  146  7:45  Ravager  
  146  7:50  Zergling x14  
  124  8:06  Zergling x18  
  124  8:07  Zergling x2  
  117  8:14  Zergling x2  
  117  8:15  Zergling x6  
  117  8:17  Zergling x4  
  109  8:22  Zergling x4  
  109  8:23  Zergling x4  
  111  8:27  Roach  
  111  8:30  Roach  
  111  8:33  Roach  
  116  8:34  Roach  
  116  8:36  Zergling x6  
  116  8:38  Zergling x2  
  120  8:42  Zergling x2  
Show
View Real Time Build Order
Export as new Build Order

Neeb Protoss - Winner!

Build Orders: 1 Gate Expand 

Get SALT Encoding   

  12  0:01  Probe (Chrono Boost)  
  13  0:11  Probe (Chrono Boost)  
  14  0:17  Pylon  
  14  0:23  Probe (Chrono Boost)  
  15  0:36  Probe (Chrono Boost)  
  15  0:37  Gateway  
  16  0:46  Probe (Chrono Boost)  
  17  0:50  Assimilator  
  18  0:57  Probe (Chrono Boost)  
  18  1:07  Probe (Chrono Boost)  
  19  1:20  Nexus  
  19  1:24  Probe (Chrono Boost)  
  20  1:34  Cybernetics Core  
  20  1:36  Probe (Chrono Boost)  
  21  1:42  Assimilator  
  22  1:47  Probe (Chrono Boost)  
  22  1:55  Pylon  
  22  1:57  Probe (Chrono Boost)  
  23  2:09  Adept  
  23  2:10  Warp Gate  
  23  2:15  Probe (Chrono Boost)  
  26  2:27  Probe (Chrono Boost)  
  27  2:32  Probe (Chrono Boost)  
  27  2:33  Adept  
  30  2:40  Mothership Core (Chrono Boost)  
  30  2:42  Probe (Chrono Boost)  
  33  2:53  Probe (Chrono Boost)  
  34  3:00  Probe (Chrono Boost)  
  34  3:02  Nexus  
  34  3:03  Probe (Chrono Boost)  
  36  3:09  Sentry  
  36  3:12  Probe (Chrono Boost)  
  37  3:14  Probe (Chrono Boost)  
  37  3:19  Pylon  
  40  3:24  Probe (Chrono Boost)  
  40  3:25  Probe (Chrono Boost)  
  42  3:28  Pylon  
  40  3:35  Probe x2 (Chrono Boost)  
  40  3:39  Gateway  
  40  3:40  Gateway  
  42  3:46  Probe x2 (Chrono Boost)  
  44  3:56  Probe x2 (Chrono Boost), Robotics Facility  
  46  4:07  Probe x2 (Chrono Boost)  
  48  4:12  Gateway x2  
  48  4:15  Probe (Chrono Boost)  
  48  4:16  Sentry  
  51  4:17  Probe (Chrono Boost)  
  51  4:18  Probe (Chrono Boost)  
  51  4:25  Probe (Chrono Boost)  
  51  4:28  Probe x2 (Chrono Boost)  
  54  4:36  Probe (Chrono Boost), Pylon  
  54  4:37  Sentry  
  54  4:38  Sentry  
  60  4:39  Probe x2 (Chrono Boost), Immortal  
  60  4:40  Adept  
  67  4:45  Assimilator  
  67  4:47  Probe (Chrono Boost)  
  67  4:49  Assimilator  
  67  4:51  Probe (Chrono Boost)  
  70  4:53  Probe (Chrono Boost)  
  70  4:57  Probe (Chrono Boost), Pylon  
  71  5:00  Adept  
  71  5:01  Adept  
  71  5:03  Adept  
  71  5:04  Probe (Chrono Boost)  
  79  5:07  Probe (Chrono Boost)  
  79  5:08  Probe (Chrono Boost)  
  79  5:13  Stalker  
  82  5:14  Stalker  
  82  5:15  Probe (Chrono Boost)  
  82  5:17  Observer  
  82  5:19  Probe (Chrono Boost)  
  87  5:22  Probe (Chrono Boost), Pylon  
  87  5:25  Forge  
  87  5:28  Twilight Council  
  88  5:29  Probe (Chrono Boost)  
  88  5:33  Probe (Chrono Boost), Adept  
  88  5:34  Probe (Chrono Boost)  
  93  5:40  Probe (Chrono Boost), Immortal  
  94  5:45  Probe (Chrono Boost)  
  99  5:53  Blink, Protoss Ground Weapons Level 1  
  99  5:55  Probe (Chrono Boost)  
  100  6:00  Probe (Chrono Boost)  
  100  6:01  Probe (Chrono Boost)  
  95  6:13  Assimilator  
  95  6:14  Stalker x3, Assimilator  
  95  6:17  Pylon  
  100  6:18  Pylon  
  100  6:20  Pylon, Gateway  
  100  6:21  Gateway  
  100  6:27  Gateway  
  100  6:28  Gateway  
  100  6:30  Gateway  
  100  6:35  Gateway x2  
  100  6:37  Sentry x2, Warp Prism  
  104  6:41  Sentry  
  108  6:48  Pylon  
  108  6:49  Pylon  
  108  6:51  Pylon  
  108  6:54  Stalker x2  
  108  6:59  Pylon  
  114  7:01  Mothership Core (Chrono Boost)  
  114  7:04  Stalker  
  114  7:05  Stalker  
  114  7:06  Stalker  
  120  7:22  Pylon  
  120  7:32  Stalker x7  
  120  7:33  Stalker x3  
  126  8:07  Stalker, Warp Prism  
  126  8:08  Stalker x5  
  126  8:09  Stalker x4  
  126  8:31  Stalker x5  
  126  8:32  Stalker x4  
  144  8:36  Stalker  
Tags
 
Add a new tag
Caveats
  • Supply blocks, unpowered buildings, or Contaminate may cause inaccurate times.
  • Supply counts are checked every 10 seconds.